TOP OF THE 1ST |
Oregon State University Beavers batting - Pitching for University of Florida Gators : RHP Jordan Williams
|
Pitching: RHP Jordan Williams
|
|
Batting: RHB Martin Darrington
|
0-0: Ground out 3-1 (Groundball, 34, EV 97.5 MPH)
|
Batting: RHB Willie Lopez
|
0-0: Ball 1-0: Ball 2-0: Ball 3-0: Called Strike 3-1: Foul Ball, location: 2F 3-2: Foul Ball, location: 2F 3-2: Foul Ball, location: 2F 3-2: SINGLE (Groundball, 4S, EV 67.5 MPH) (infield hit)
|
Batting: RHB Luis Flores
|
0-0: Called Strike 0-1: DOUBLE (Flyball, 89XD, EV 106.2 MPH) Willie Lopez to third Runner from 3rd tries for Home, SAFE, throw by CF to trailing runner, SAFE at third!
|
Batting: RHB Steve Webb
|
0-0: Ball 1-0: DOUBLE (Flyball, 78XD, EV 103.1 MPH) Luis Flores scores
|
Batting: LHB Sun-wei Kuai
|
0-0: Ball 1-0: Called Strike 1-1: Fly out, F8 (Flyball, 8RM, EV 91.2 MPH)
|
Batting: SHB Sosaia Apelahama
|
0-0: Called Strike 0-1: Ball 1-1: Foul Ball, location: 2F 1-2: Ball 2-2: Ball 3-2: Foul Ball, location: 2F 3-2: Strikes out looking
|
Top of the 1st over - 2 runs, 3 hits, 0 errors, 1 left on base; Oregon State University 2 - University of Florida 0 |
BOTTOM OF THE 1ST |
University of Florida Gators batting - Pitching for Oregon State University Beavers : RHP Paul Cooke
|
Pitching: RHP Paul Cooke
|
|
Batting: LHB Terry Bayer
|
0-0: Ball 1-0: Ball 2-0: Foul Ball, location: 2F 2-1: Ground out 5-3 (Groundball, 56, EV 87.5 MPH)
|
Batting: RHB Marco Morales
|
0-0: Ball 1-0: Foul Ball, location: 2F 1-1: SINGLE (Flyball, 34D, EV 93.8 MPH)
|
Batting: RHB Ben Bailey
|
0-0: Called Strike Marco Morales is caught stealing 2nd base 2-4 0-1: Ball 1-1: Foul Ball, location: 2F 1-2: Strikes out looking
|
Bottom of the 1st over - 0 runs, 1 hit, 0 errors, 0 left on base; Oregon State University 2 - University of Florida 0 |
TOP OF THE 2ND |
Oregon State University Beavers batting - Pitching for University of Florida Gators : RHP Jordan Williams
|
Batting: RHB Yasuyuki Moriyama
|
0-0: Called Strike 0-1: Foul Ball, location: 2F 0-2: Strikes out swinging
|
Batting: LHB Emmett Hamilton
|
0-0: Called Strike 0-1: Ball 1-1: Swinging Strike 1-2: Strikes out swinging
|
Batting: RHB Israel Soto
|
0-0: Called Strike 0-1: Ground out 6-3 (Groundball, 6MD, EV 104.4 MPH)
|
Top of the 2nd over - 0 runs, 0 hits, 0 errors, 0 left on base; Oregon State University 2 - University of Florida 0 |
BOTTOM OF THE 2ND |
University of Florida Gators batting - Pitching for Oregon State University Beavers : RHP Paul Cooke
|
Batting: RHB Elliott Pye
|
0-0: Ball 1-0: Ball 2-0: Swinging Strike 2-1: Ball 3-1: Base on Balls
|
Batting: RHB Robert Mason
|
0-0: Ball 1-0: Fly out, F6 (Line Drive, 6M, EV 72.5 MPH)
|
Batting: RHB Gong-sun Law
|
0-0: Ball 1-0: DOUBLE (Line Drive, 89D, EV 109.4 MPH) Elliott Pye to third
|
Batting: RHB Juan Lopez
|
0-0: Ball 1-0: Ground out 5-3 (Groundball, 56, EV 85.6 MPH) Elliott Pye scores
|
Batting: RHB Lião Weishampt
|
0-0: Ball 1-0: Ball 2-0: Fly out, F7 (Flyball, 7LMF, EV 93.8 MPH)
|
Bottom of the 2nd over - 1 run, 1 hit, 0 errors, 1 left on base; Oregon State University 2 - University of Florida 1 |
TOP OF THE 3RD |
Oregon State University Beavers batting - Pitching for University of Florida Gators : RHP Jordan Williams
|
Batting: RHB Martin Darrington
|
0-0: Called Strike 0-1: Called Strike 0-2: Strikes out looking
|
Batting: RHB Willie Lopez
|
0-0: Ball 1-0: Ball 2-0: Called Strike 2-1: Foul Ball, location: 2F 2-2: Ground out 6-3 (Groundball, 6, EV 86.9 MPH)
|
Batting: RHB Luis Flores
|
0-0: Swinging Strike 0-1: Ball 1-1: Ball 2-1: Fly out, F6 (Popup, 4MD, EV 41.9 MPH)
|
Top of the 3rd over - 0 runs, 0 hits, 0 errors, 0 left on base; Oregon State University 2 - University of Florida 1 |
BOTTOM OF THE 3RD |
University of Florida Gators batting - Pitching for Oregon State University Beavers : RHP Paul Cooke
|
Batting: RHB Danny Cisneros
|
0-0: Ground out 5-3 (Groundball, 5, EV 85.0 MPH)
|
Batting: LHB Terry Bayer
|
0-0: Ball 1-0: Swinging Strike 1-1: Foul Ball, location: 2F 1-2: Ground out 6-3 (Groundball, 6M, EV 88.8 MPH)
|
Batting: RHB Marco Morales
|
0-0: Ball 1-0: Ground out 4-3 (Groundball, 34, EV 85.6 MPH)
|
Bottom of the 3rd over - 0 runs, 0 hits, 0 errors, 0 left on base; Oregon State University 2 - University of Florida 1 |
TOP OF THE 4TH |
Oregon State University Beavers batting - Pitching for University of Florida Gators : RHP Jordan Williams
|
Batting: RHB Steve Webb
|
0-0: Ball 1-0: Ball 2-0: Foul Ball, location: 2F 2-1: Ball 3-1: Called Strike 3-2: Strikes out swinging
|
Batting: LHB Sun-wei Kuai
|
0-0: Called Strike 0-1: Ground out U3 (Groundball, 3, EV 78.1 MPH)
|
Batting: SHB Sosaia Apelahama
|
0-0: Called Strike 0-1: Foul Ball, location: 2F 0-2: Ball 1-2: Ball 2-2: Strikes out swinging
|
Top of the 4th over - 0 runs, 0 hits, 0 errors, 0 left on base; Oregon State University 2 - University of Florida 1 |
BOTTOM OF THE 4TH |
University of Florida Gators batting - Pitching for Oregon State University Beavers : RHP Paul Cooke
|
Batting: RHB Ben Bailey
|
0-0: Ball 1-0: Swinging Strike 1-1: Fly out, F8 (Flyball, 89D, EV 99.4 MPH)
|
Batting: RHB Elliott Pye
|
0-0: Ball 1-0: Foul Ball, location: 2F 1-1: Swinging Strike 1-2: Ball 2-2: Hit by Pitch
|
Batting: RHB Robert Mason
|
0-0: Ball 1-0: Ball 2-0: Ball 3-0: Base on Balls Elliott Pye to second
|
Pitching: RHP Nick Henry
|
|
Batting: RHB Gong-sun Law
|
0-0: Ball 1-0: 3-RUN HOME RUN (Flyball, 7D, EV 100.0 MPH), Distance : 407 ft
|
Batting: RHB Juan Lopez
|
0-0: Called Strike 0-1: Swinging Strike 0-2: Strikes out swinging
|
Batting: RHB Lião Weishampt
|
0-0: Ball 1-0: Ball 2-0: Foul Ball, location: 2F 2-1: Ball 3-1: Swinging Strike 3-2: Base on Balls
|
Batting: RHB Danny Cisneros
|
0-0: Called Strike 0-1: Ground out 5-3 (Groundball, 25, EV 81.2 MPH)
|
Bottom of the 4th over - 3 runs, 1 hit, 0 errors, 1 left on base; Oregon State University 2 - University of Florida 4 |
TOP OF THE 5TH |
Oregon State University Beavers batting - Pitching for University of Florida Gators : RHP Jordan Williams
|
Now at C: Nathan Clement
|
|
Now at 3B: C.J. Clifford
|
|
Now in LF: Pat Justice
|
|
Now in CF: Keith Kamerling
|
|
Now in RF: Dave Newsome
|
|
Batting: RHB Yasuyuki Moriyama
|
0-0: Ball 1-0: Foul Ball, location: 2F 1-1: Ground out 3-1 (Groundball, 34S, EV 91.9 MPH)
|
Batting: LHB Emmett Hamilton
|
0-0: Called Strike 0-1: Ball 1-1: Called Strike 1-2: Strikes out swinging
|
Batting: RHB Israel Soto
|
0-0: Ball 1-0: Called Strike 1-1: Ball 2-1: Ball 3-1: Foul Ball, location: 2F 3-2: Strikes out swinging, 2-3 out at first.
|
Top of the 5th over - 0 runs, 0 hits, 0 errors, 0 left on base; Oregon State University 2 - University of Florida 4 |
BOTTOM OF THE 5TH |
University of Florida Gators batting - Pitching for Oregon State University Beavers : RHP Nick Henry
|
Now at C: Dave Crum
|
|
Now at 1B: Kyle McCunn
|
|
Now at 3B: Eric Robertson
|
|
Batting: SHB Pat Justice
|
0-0: Ball 1-0: Ball 2-0: Ground out 4-3 (Groundball, 4M, EV 82.5 MPH)
|
Batting: RHB Marco Morales
|
0-0: Swinging Strike 0-1: Ball 1-1: Foul Ball, location: 2F 1-2: Ground out U3 (Groundball, 3, EV 79.4 MPH)
|
Pinch Hitting: LHB Paul Martel
|
0-0: Ball 1-0: Ball 2-0: Fly out, F8 (Flyball, 8RD, EV 87.5 MPH)
|
Bottom of the 5th over - 0 runs, 0 hits, 0 errors, 0 left on base; Oregon State University 2 - University of Florida 4 |
TOP OF THE 6TH |
Oregon State University Beavers batting - Pitching for University of Florida Gators : RHP Jordan Williams
|
Pitching: RHP Elliot Gallagher
|
|
Now at 1B: Sumio Takahashi
|
|
Now at 2B: Manny Harrison
|
|
Pinch Hitting: LHB Brock Darby
|
0-0: Ball 1-0: Foul Ball, location: 2F 1-1: Swinging Strike 1-2: Foul Ball, location: 2F 1-2: Ground out 4-3 (Groundball, 4, EV 103.8 MPH)
|
Batting: SHB Eric Robertson
|
0-0: Swinging Strike 0-1: Ball 1-1: Called Strike 1-2: Strikes out swinging
|
Batting: RHB Dave Crum
|
0-0: Ball 1-0: Swinging Strike 1-1: Swinging Strike 1-2: Ball 2-2: Ball 3-2: Base on Balls
|
Batting: LHB Fred Bal
|
0-0: Ground out U3 (Groundball, 3, EV 81.9 MPH)
|
Top of the 6th over - 0 runs, 0 hits, 0 errors, 1 left on base; Oregon State University 2 - University of Florida 4 |
BOTTOM OF THE 6TH |
University of Florida Gators batting - Pitching for Oregon State University Beavers : RHP Nick Henry
|
Now at 2B: Chris Gartner
|
|
Now in CF: Brock Darby
|
|
Now in RF: Jon Hamilton
|
|
Batting: RHB Cyril Theophanous
|
0-0: Ball 1-0: Foul Ball, location: 2F 1-1: Ball 2-1: Fly out, F3 (Popup, 3SF, EV 75.0 MPH)
|
Batting: LHB Dave Newsome
|
0-0: DOUBLE (Groundball, 5L, EV 104.4 MPH)
|
Batting: RHB Gong-sun Law
|
0-0: Called Strike 0-1: Called Strike 0-2: SINGLE (Line Drive, 78S, EV 106.9 MPH) Dave Newsome to third Runner from 3rd tries for Home, SAFE, throw by LF to home Gong-sun Law to second
|
Batting: RHB C.J. Clifford
|
0-0: Ball 1-0: Called Strike 1-1: Called Strike 1-2: Strikes out swinging
|
Pitching: RHP Mark Giroux
|
|
Batting: RHB Keith Kamerling
|
0-0: Swinging Strike 0-1: Called Strike 0-2: Strikes out looking
|
Bottom of the 6th over - 1 run, 2 hits, 0 errors, 1 left on base; Oregon State University 2 - University of Florida 5 |
TOP OF THE 7TH |
Oregon State University Beavers batting - Pitching for University of Florida Gators : RHP Elliot Gallagher
|
Batting: LHB Jon Hamilton
|
0-0: Foul Ball, location: 2F 0-1: Ball 1-1: Foul Ball, location: 2F 1-2: Ball 2-2: Ball 3-2: Base on Balls
|
Batting: SHB Sosaia Apelahama
|
0-0: Called Strike 0-1: Foul Ball, location: 2F 0-2: Ball 1-2: Ball Jon Hamilton is caught stealing 2nd base 2-6 2-2: Ball 3-2: Strikes out looking
|
Batting: SHB Chris Gartner
|
0-0: Ball 1-0: Ball 2-0: Swinging Strike 2-1: Reached via error on a dropped throw from P, E3 (Groundball, 34S, EV 70.0 MPH)
|
Pinch Hitting: LHB Pablo Fraga
|
0-0: Called Strike Balk! Chris Gartner to second 0-1: Swinging Strike 0-2: Fly out, F7 (Flyball, 78D, EV 96.2 MPH)
|
Top of the 7th over - 0 runs, 0 hits, 1 error, 1 left on base; Oregon State University 2 - University of Florida 5 |
BOTTOM OF THE 7TH |
University of Florida Gators batting - Pitching for Oregon State University Beavers : RHP Mark Giroux
|
Now in LF: Pablo Fraga
|
|
Batting: SHB Nathan Clement
|
0-0: Ball 1-0: Called Strike 1-1: Ball 2-1: SINGLE (Groundball, 34D, EV 110.6 MPH)
|
Batting: SHB Pat Justice
|
0-0: Bunt missed! 0-1: Bunt missed! 0-2: Ball 1-2: Ball 2-2: Ball 3-2: SINGLE (Line Drive, 56D, EV 98.1 MPH) Nathan Clement to second
|
Batting: RHB Manny Harrison
|
0-0: Ball 1-0: Bunted foul 1-1: Bunted foul 1-2: Strikes out swinging
|
Batting: RHB Sumio Takahashi
|
0-0: 3-RUN HOME RUN (Flyball, 7D, EV 100.6 MPH), Distance : 416 ft
|
Batting: RHB Cyril Theophanous
|
0-0: Called Strike 0-1: Ball 1-1: Ball 2-1: Foul Ball, location: 2F 2-2: Ground out 4-3 (Groundball, 4, EV 85.0 MPH)
|
Batting: LHB Dave Newsome
|
0-0: Swinging Strike 0-1: Ground out U3 (Groundball, 3, EV 105.0 MPH)
|
Bottom of the 7th over - 3 runs, 3 hits, 0 errors, 0 left on base; Oregon State University 2 - University of Florida 8 |
TOP OF THE 8TH |
Oregon State University Beavers batting - Pitching for University of Florida Gators : RHP Elliot Gallagher
|
Pitching: LHP Bill White
|
|
Batting: RHB Kyle McCunn
|
0-0: Called Strike 0-1: Foul Ball, location: 2F 0-2: Foul Ball, location: 2F 0-2: Ball 1-2: Ball 2-2: Ball 3-2: Fly out, F6 (Popup, 6MS, EV 61.9 MPH)
|
Pinch Hitting: RHB Marco Favela
|
0-0: Ball 1-0: Ball 2-0: Foul Ball, location: 2F 2-1: Ball 3-1: Foul Ball, location: 2F 3-2: Foul Ball, location: 2F 3-2: Fly out, F8 (Line Drive, 8RM, EV 98.1 MPH)
|
Batting: SHB Eric Robertson
|
0-0: Ball 1-0: Swinging Strike 1-1: Ball 2-1: Fly out, F8 (Flyball, 8LXD, EV 93.1 MPH)
|
Top of the 8th over - 0 runs, 0 hits, 0 errors, 0 left on base; Oregon State University 2 - University of Florida 8 |
BOTTOM OF THE 8TH |
University of Florida Gators batting - Pitching for Oregon State University Beavers : RHP Mark Giroux
|
Now in CF: Jon Hamilton
|
|
Now in RF: Abdul-Hakim Jibril
|
|
Batting: RHB Gong-sun Law
|
0-0: Ball 1-0: Ground out 5-3 (Groundball, 56S, EV 67.5 MPH)
|
Batting: RHB C.J. Clifford
|
0-0: Ball 1-0: Swinging Strike 1-1: Called Strike 1-2: Ball 2-2: Foul Ball, location: 2F 2-2: Strikes out swinging
|
Batting: RHB Keith Kamerling
|
0-0: Called Strike 0-1: Ball 1-1: Fly out, F9 (Flyball, 9S, EV 90.0 MPH)
|
Bottom of the 8th over - 0 runs, 0 hits, 0 errors, 0 left on base; Oregon State University 2 - University of Florida 8 |
TOP OF THE 9TH |
Oregon State University Beavers batting - Pitching for University of Florida Gators : LHP Bill White
|
Pitching: RHP David Villanueva
|
|
Pinch Hitting: LHB Jason Trevarrow
|
0-0: Called Strike 0-1: Foul Ball, location: 2F 0-2: Strikes out swinging
|
Batting: LHB Fred Bal
|
0-0: Ground out U3 (Groundball, 34, EV 79.4 MPH)
|
Batting: LHB Jon Hamilton
|
0-0: Called Strike 0-1: Swinging Strike 0-2: Strikes out swinging
|
Top of the 9th over - 0 runs, 0 hits, 0 errors, 0 left on base; Oregon State University 2 - University of Florida 8 |
|